Unix NetHack Version 5.0.0-0 post-release - last build May 31 2026 23:59:36 (970b52f25bf058293b47ddfd14a1e40e571c508c,branch:main).

Game began 2026-06-04 13:08:51, ended 2026-06-04 13:35:37.

Drastanta, neutral male gnomish Wizard

                                                    -----
                                                    |...|
                                                    |...-#
                                                    |...|#
                                                    -----#
                                                         #
                                                     ##  #
        o                                            #   #
                                                     #   #      -----
                                                   #######    ---...---
                                                   -|-  ###   |...`...|
                                                  |.... # #  --.......--
                                                  .....|# #  |.........|
                                                  |....|# ###|.........|
                                                   ....|#   #....a@....|
                                                  ------##   --.......--
                                                         0####|.f.`<..|
                             o                                ---...---
                                                                -----

Drastanta the Conjurer    St:12 Dx:13 Co:13 In:19 Wi:10 Ch:11  Neutral
Dlvl:7  $:297 HP:0(30) Pw:29(34) AC:9  Xp:5 T:3193 

Latest messages:
 What do you want to name? [a-ln-zB-MO-RT or ?*] ?
 What do you want to name this pine wand? Strikinh
 You hear someone cursing shoplifters.
 The door opens.
 With great effort you move the boulder.
 You try to move the boulder, but in vain.
 This door is locked.
 Unlock it with your lock pick? [ynq] (q) y
 You succeed in picking the lock.
 The door opens.
 A goblin suddenly appears!
 You see here a scroll labeled EIRIS SAZUN IDISI.
 S - a scroll labeled EIRIS SAZUN IDISI.
 You kill the lichen!
 You stop.  Your kitten is in the way!
 You swap places with your kitten.
 You hear the chime of a cash register.
 You swap places with your kitten.
 The giant ant bites!
 The door opens.
 The giant ant bites!
 You miss the giant beetle.
 The giant ant bites!
 The giant ant bites!
 You miss the giant beetle.
 The giant beetle bites!
 The giant ant bites!
 The kitten misses the giant ant.
 The giant ant bites!
 What do you want to read? [ai-luBEH-JLMST or ?*] ?
 As you read the scroll, it disappears.
 Where do you want to be teleported?
 (For instructions type a '?')
 You materialize in a different location!
 You hear some noises in the distance.
 What do you want to drink? [f-hsyzCFGQ or ?*] ?
 You feel better.
 What do you want to drink? [f-hsyzCFGQ or ?*] <esc>
 Never mind.
 The giant beetle bites!
 The giant beetle bites!
 In what direction? 4
 The spell hits the giant beetle!
 You hit the giant beetle.
 You miss the giant beetle.
 You hit the giant beetle.
 The giant beetle bites!
 You die...
 Do you want your possessions identified? [ynq] (y) y
 Do you want to see your attributes? [ynq] (y) q

Inventory:
 Coins    ('$')
  $ - 297 gold pieces
 Amulets  ('"')
  t - an uncursed amulet of magical breathing
  P - an uncursed amulet of reflection
 Weapons  (')')
  N - the +3 Sting (weapon in left hand, flickering light blue)
 Armor    ('[')
  q - a blessed burnt +0 pair of leather gloves (being worn)
  v - a cursed +0 shield of reflection
  b - an uncursed +0 cloak of magic resistance (being worn)
  D - an uncursed +0 Hawaiian shirt with an orchid motif (being worn)
 Comestibles  ('%')
  w - an uncursed Can of White Monster
 Scrolls  ('?')
  H - an uncursed scroll of blank paper
  j - a blessed scroll of confuse monster
  M - an uncursed scroll of destroy armor
  S - an uncursed scroll of enchant weapon
  a - an uncursed scroll of gold detection
  u - a blessed scroll of identify
  J - an uncursed scroll of magic mapping
  k - an uncursed scroll of punishment
  I - 2 uncursed scrolls of remove curse
  B - an uncursed scroll of scare monster
  E - an uncursed scroll of stinking cloud
  L - an uncursed scroll of taming
 Spellbooks  ('+')
  l - a blessed spellbook of force bolt
  T - an uncursed spellbook of restore ability
 Potions  ('!')
  G - 2 uncursed potions of blindness
  f - an uncursed potion of booze
  F - an uncursed potion of confusion
  C - a cursed potion of extra healing
  s - 2 uncursed potions of healing
  y - an uncursed potion of invisibility
  h - an uncursed potion of restore ability
  g - an uncursed potion of sickness
  z - a potion of holy water
  Q - an uncursed potion of water
 Rings    ('=')
  O - a cursed ring of aggravate monster
  d - an uncursed ring of stealth (on right hand)
  e - an uncursed ring of teleport control (on left hand)
  R - an uncursed ring of warning
 Wands    ('/')
  c - a wand of create monster (0:13)
  p - a wand of locking named NM (0:4)
  K - a wand of striking named Strikinh (0:5)
 Tools    ('(')
  o - an uncursed blindfold
  r - an uncursed lock pick
  n - a magic marker (0:21)
 Gems/Stones  ('*')
  x - an uncursed chrysoberyl stone

Drastanta the Wizard's attributes:

Background:
 You were a Conjurer, a level 5 male gnomish Wizard.
 You were neutral, on a mission for Thoth
 who was opposed by Ptah (lawful) and Anhur (chaotic).
 You were left-handed.
 You were in the Dungeons of Doom, on level 7.
 You entered the dungeon 3193 turns ago.
 You had 205 experience points, 115 more were needed to attain level 6.

Basics:
 You had 0 out of 30 hit points.
 You had 29 out of 34 energy points (spell power).
 Your armor class was 9.
 Your wallet contained 297 zorkmids.
 Autopickup was on for '$' plus thrown.

Final Characteristics:
 Your strength was 12 (limit:18/50).
 Your dexterity was 13 (limit:18).
 Your constitution was 13 (limit:18).
 Your intelligence was 19 (limit:19).
 Your wisdom was 10 (limit:18).
 Your charisma was 11 (limit:18).

Final Status:
 You weren't hungry.
 You were unencumbered.
 You were wielding a dagger.
 You were unskilled in dagger.

Final Attributes:
 You were piously aligned.
 You were magic-protected.
 You were aware of the presence of orcs.
 You had infravision.
 You were stealthy.
 You had teleport control.
 You were warded.
 You are dead.

Miscellaneous:
 You didn't encounter any bones levels.
 Total elapsed playing time was 26 minutes and 43 seconds.

Major events:
 Turn
    1: Drastanta the neutral male gnomish Wizard entered the dungeon
  947: entered the Gnomish Mines
 1203: found Werebane in a shop
 1416: attained the rank of Conjurer (level 3)
 2034: read a Discworld novel
 2106: found Sting on the floor
 3193: killed by a giant beetle

Spells:
 Name                 Level Category     Fail Retention
 force bolt             1   attack         0%   81%-90%
 sleep                  3   enchantment    0%   81%-90%
 cure blindness         2   healing       47%  76%-100%

Skills:
 Fighting Skills
   bare handed combat [Unskilled]
   riding             [Unskilled]
 Weapon Skills
   dagger             [Unskilled]
   knife              [Unskilled]
   axe                [Unskilled]
   short sword        [Unskilled]
   club               [Unskilled]
   mace               [Unskilled]
   quarterstaff       [Basic]
   polearms           [Unskilled]
   spear              [Unskilled]
   trident            [Unskilled]
   sling              [Unskilled]
   dart               [Unskilled]
   shuriken           [Unskilled]
 Spellcasting Skills
   attack spells      [Basic]
   healing spells     [Unskilled]
   divination spells  [Unskilled]
   enchantment spells [Basic]
   clerical spells    [Unskilled]
   escape spells      [Unskilled]
   matter spells      [Unskilled]

Voluntary challenges:
 Character rerolling was not enabled.
 You never genocided any monsters.
 You never polymorphed an object.
 You never changed form.
 You used no wishes.
Achievements:
 You entered a shop.
 You entered the Gnomish Mines.
 You attained the rank of Conjurer.
 You read from a Discworld novel.

 The Dungeons of Doom: levels 1 to 7
    Level 1:
       Many fountains.
    Level 2:
       A general store, a grave.
       Stairs down to The Gnomish Mines.
    Level 3:
       A weapon shop.
    Level 4:
       A scroll shop.
    Level 5:
    Level 6:
       A fountain.
    Level 7: <- You were here.
       Final resting place for
          you, killed by a giant beetle.
 The Gnomish Mines:
    Level 3:


Vanquished creatures:
  a leprechaun
  a jaguar
  a shrieker
  a gnome leader
  a straw golem
  a giant ant
  a little dog
  a kitten
  a homunculus
  a kobold leader
  a werejackal
 an iguana
  2 acid blobs
  a large kobold
  4 giant rats
  a red mold
  2 garter snakes
  2 geckos
  3 jackals
  4 foxes
  a kobold
  2 sewer rats
  6 grid bugs
  5 lichens
  6 newts
51 creatures vanquished.

No species were genocided or became extinct.

Game over:
                       ----------
                      /          \
                     /    REST    \
                    /      IN      \
                   /     PEACE      \
                  /                  \
                  |    Drastanta     |
                  |      297 Au      |
                  |   killed by a    |
                  |   giant beetle   |
                  |                  |
                  |                  |
                  |       2026       |
                 *|     *  *  *      | *
        _________)/\\_//(\/(/\)/\//\/|_)_______

Goodbye Drastanta the Wizard...

You died in The Dungeons of Doom on dungeon level 7 with 1398 points,
and 297 pieces of gold, after 3193 moves.
You were level 5 with a maximum of 30 hit points when you died.

